[Event "Rated Blitz game"]
[Site "?"]
[Date "2021.06.20"]
[Round "?"]
[White "Kostik_Burnashev"]
[Black "Hidroksipropil"]
[Result "1-0"]
[ECO "C46"]
[WhiteElo "2507"]
[BlackElo "2463"]
[PlyCount "49"]
[EventDate "2021.??.??"]
[EventType "blitz"]
[TimeControl "180"]

1. e4 e5 2. Nf3 Nf6 3. Nc3 Nc6 4. Nxe5 Nxe5 5. d4 Nc6 6. d5 Ne5 7. f4 Ng6 8. e5
Bb4 9. exf6 Qxf6 10. Bd2 Nxf4 11. Qf3 Ng6 12. Qxf6 gxf6 13. Nb5 Bxd2+ 14. Kxd2
Kd8 15. d6 cxd6 16. Nxd6 Ne5 17. Bd3 Kc7 18. Nb5+ Kb6 19. Rhf1 Rg8 20. Rxf6+
Kc5 21. b4+ Kxb4 22. Rb1+ Ka5 23. Nc7 Rxg2+ 24. Kc3 Nxd3 25. cxd3 {Normal} 1-0

[Event "Rated Blitz game"]
[Site "?"]
[Date "2021.06.20"]
[Round "?"]
[White "Petr_Kruglikov"]
[Black "Didi67"]
[Result "0-1"]
[ECO "C46"]
[WhiteElo "2388"]
[BlackElo "2424"]
[PlyCount "128"]
[EventDate "2021.??.??"]
[EventType "blitz"]
[TimeControl "180+2"]

1. e4 e5 2. Nf3 Nc6 3. Nc3 Nf6 4. Nxe5 Nxe5 5. d4 Ng6 6. e5 Ng8 7. Bc4 d6 8.
Qf3 f6 9. exd6 Bxd6 10. O-O c6 11. Re1+ Kf8 12. g3 h5 13. h4 Bg4 14. Qg2 N8e7
15. f3 Bd7 16. Be3 Be8 17. Be6 Bf7 18. Bh3 Qc7 19. Bf2 Nd5 20. Ne4 Nge7 21. a3
b5 22. b3 Nb6 23. f4 a5 24. a4 b4 25. Rac1 Nbd5 26. Kh1 g6 27. Qg1 Kg7 28. Bg2
Rhe8 29. Nd2 f5 30. Nc4 Nf6 31. Ne5 Bd5 32. Nf3 Be4 33. Re2 Ned5 34. Rce1 Nc3
35. Re3 Ng4 36. Ng5 Bxg2+ 37. Qxg2 Nxe3 38. Rxe3 Rxe3 39. Bxe3 Re8 40. Bf2 Ne4
41. Kh2 Nxg5 42. hxg5 Re4 43. Qf3 c5 44. Qd3 cxd4 45. Bxd4+ Kh7 46. Bf6 Bxf4
47. gxf4 Qxf4+ 48. Kg2 Qg4+ 49. Kf2 Rf4+ 50. Ke1 Qg1+ 51. Kd2 Rf2+ 52. Ke3 Qe1+
53. Kd4 Rd2 54. Kc4 Rxd3 55. cxd3 h4 56. d4 h3 57. d5 h2 58. d6 h1=Q 59. d7
Qc6+ 60. Kd4 Qd2+ 61. Ke5 Qdd5+ 62. Kf4 Qe4+ 63. Kg3 Qf3+ 64. Kh2 Qg2# {Normal}
0-1

[Event "Rated Blitz game"]
[Site "?"]
[Date "2021.06.20"]
[Round "?"]
[White "Pepeoutai"]
[Black "michel_georg"]
[Result "1-0"]
[ECO "C46"]
[WhiteElo "2422"]
[BlackElo "2372"]
[PlyCount "75"]
[EventDate "2021.??.??"]
[EventType "blitz"]
[TimeControl "180+2"]

1. e4 e5 2. Nf3 Nc6 3. Nc3 Nf6 4. Nxe5 Nxe5 5. d4 Nc6 6. d5 Ne5 7. f4 Ng6 8. e5
Bc5 9. exf6 O-O 10. Be2 Qxf6 11. Ne4 Bb4+ 12. c3 Qe7 13. Qd3 f5 14. Ng3 Bc5 15.
Bd2 d6 16. O-O-O Bd7 17. Bh5 Nh4 18. Rde1 Qf6 19. Bf3 Nxf3 20. gxf3 g6 21. h4
Bf2 22. Re2 Bxg3 23. Rg2 Bxh4 24. Rgh2 Rae8 25. Rxh4 h5 26. c4 Qe7 27. R4h2 Kh7
28. Rg2 Rg8 29. a3 a6 30. Kb1 b5 31. Bc3 bxc4 32. Qd4 Bb5 33. Ka2 Qe3 34. Qf6
Ref8 35. Qg5 Qxf3 36. Rgh2 Qxd5 37. Rxh5+ gxh5 38. Rxh5# {Normal} 1-0

[Event "Rated Blitz game"]
[Site "?"]
[Date "2021.06.20"]
[Round "?"]
[White "Petr_Kruglikov"]
[Black "Didi67"]
[Result "1-0"]
[ECO "C46"]
[WhiteElo "2374"]
[BlackElo "2437"]
[PlyCount "27"]
[EventDate "2021.??.??"]
[EventType "blitz"]
[TimeControl "180+2"]

1. e4 e5 2. Nf3 Nc6 3. Nc3 Nf6 4. Nxe5 Nxe5 5. d4 Ng6 6. e5 Ng8 7. Bc4 Bb4 8.
Qf3 f6 9. O-O Bxc3 10. bxc3 d6 11. exd6 Qxd6 12. Re1+ N8e7 13. a4 Qc6 14. Bb5 {
Normal} 1-0

[Event "Rated Blitz tournament koQQ3LtQ"]
[Site "?"]
[Date "2021.06.20"]
[Round "?"]
[White "Midav_Veahkar"]
[Black "chicago_blitzer"]
[Result "0-1"]
[ECO "C46"]
[WhiteElo "2255"]
[BlackElo "2438"]
[PlyCount "64"]
[EventDate "2021.??.??"]
[EventType "blitz"]
[TimeControl "180"]

1. e4 e5 2. Nf3 Nc6 3. Nc3 Nf6 4. Nxe5 Nxe5 5. d4 Bb4 6. dxe5 Nxe4 7. Qd4 Nxc3
8. Qxb4 Nd5 9. Qb3 Nb6 10. Be3 O-O 11. O-O-O Qe7 12. f4 d6 13. exd6 cxd6 14.
Bd3 Qxe3+ 15. Kb1 Qxf4 16. g3 Qh6 17. h3 Be6 18. Qb5 Rfc8 19. g4 Bc4 20. Qf5
Bxd3 21. Qxd3 d5 22. Rdg1 Qg6 23. Qd1 Rc6 24. Rh2 Rac8 25. h4 Nc4 26. h5 Qf6
27. c3 Rb6 28. g5 Qxc3 29. Rc2 Na3+ 30. Kc1 Qxb2+ 31. Kd2 Rxc2+ 32. Qxc2 Qxc2+
{Normal} 0-1

[Event "Rated Blitz game"]
[Site "?"]
[Date "2021.06.20"]
[Round "?"]
[White "weeza"]
[Black "AccidentalWin69"]
[Result "0-1"]
[ECO "C46"]
[WhiteElo "2379"]
[BlackElo "2536"]
[PlyCount "62"]
[EventDate "2021.??.??"]
[EventType "blitz"]
[TimeControl "180"]

1. e4 e5 2. Nf3 Nc6 3. Nc3 Nf6 4. Nxe5 Nxe5 5. d4 Ng6 6. e5 Ng8 7. Bc4 d6 8.
Qf3 Qe7 9. Nd5 Qd7 10. O-O c6 11. Nc3 d5 12. Bd3 Qg4 13. Qe3 N8e7 14. h3 Qd7
15. f4 Nf5 16. Qf2 h5 17. g4 hxg4 18. hxg4 Nxd4 19. Qxd4 Qxg4+ 20. Kf2 Rh2+ 21.
Ke1 Nh4 22. Be2 Rxe2+ 23. Nxe2 Nf3+ 24. Rxf3 Qxf3 25. Be3 Bg4 26. Qd3 Qh1+ 27.
Ng1 O-O-O 28. Kd2 d4 29. Bf2 Bb4+ 30. Kc1 Qg2 31. Bxd4 Rxd4 {Normal} 0-1

[Event "Rated Blitz game"]
[Site "?"]
[Date "2021.06.19"]
[Round "?"]
[White "pombooo"]
[Black "Alfaray03"]
[Result "1-0"]
[ECO "C46"]
[WhiteElo "2372"]
[BlackElo "2400"]
[PlyCount "45"]
[EventDate "2021.??.??"]
[EventType "blitz"]
[TimeControl "180"]

1. e4 e5 2. Nf3 Nc6 3. Nc3 Nf6 4. Nxe5 Nxe5 5. d4 Nc6 6. e5 Qe7 7. Be2 d6 8.
exf6 Qxf6 9. Nd5 Qd8 10. Bg5 Qxg5 11. Nxc7+ Kd8 12. Nxa8 d5 13. O-O Bd6 14. c4
dxc4 15. Bxc4 h5 16. d5 Ne5 17. f4 Qh4 18. g3 Qh3 19. fxe5 Bc5+ 20. Kh1 h4 21.
g4 Bxg4 22. Qd3 Be3 23. Qe4 {Normal} 1-0

[Event "Rated Blitz game"]
[Site "?"]
[Date "2021.06.19"]
[Round "?"]
[White "brunosten"]
[Black "gaichess"]
[Result "1-0"]
[ECO "C46"]
[WhiteElo "2517"]
[BlackElo "2440"]
[PlyCount "75"]
[EventDate "2021.??.??"]
[EventType "blitz"]
[TimeControl "180"]

1. e4 e5 2. Nc3 Nf6 3. Nf3 Nc6 4. Nxe5 Nxe5 5. d4 Nc6 6. d5 Ne5 7. f4 Ng6 8. e5
Ng8 9. Bc4 d6 10. e6 Nf6 11. O-O Be7 12. Bb5+ Kf8 13. f5 Ne5 14. Bf4 c6 15.
dxc6 bxc6 16. Bxe5 cxb5 17. Bd4 b4 18. Ne2 fxe6 19. fxe6 Bxe6 20. Nf4 Bf7 21.
Qf3 Rc8 22. c3 bxc3 23. bxc3 Qc7 24. Rae1 h5 25. Re6 Qd7 26. Bxf6 Bxf6 27. Rxf6
gxf6 28. Ng6+ Bxg6 29. Qxf6+ Kg8 30. Qxg6+ Qg7 31. Qe6+ Kh7 32. Rf7 Rhe8 33.
Qf5+ Kg8 34. Rxg7+ Kxg7 35. Qg5+ Kf7 36. Qxh5+ Ke6 37. h4 Rc5 38. Qxe8+ {Normal
} 1-0

[Event "Rated Blitz game"]
[Site "?"]
[Date "2021.06.18"]
[Round "?"]
[White "vladlitus"]
[Black "MitchyF"]
[Result "1-0"]
[ECO "C46"]
[WhiteElo "2477"]
[BlackElo "2530"]
[PlyCount "113"]
[EventDate "2021.??.??"]
[EventType "blitz"]
[TimeControl "180"]

1. e4 e5 2. Nf3 Nc6 3. Nc3 Nf6 4. Nxe5 Nxe5 5. d4 Ng6 6. e5 Ng8 7. Bc4 d5 8.
Bxd5 c6 9. Be4 Bb4 10. O-O N8e7 11. Ne2 O-O 12. c3 Ba5 13. Ng3 f5 14. exf6 Rxf6
15. Qc2 Nf8 16. Bg5 Rf7 17. Rae1 Bc7 18. h3 Be6 19. b3 Qd7 20. Re3 Nd5 21. Rf3
Rxf3 22. Bxf3 h6 23. Bd2 b5 24. Re1 Bxg3 25. fxg3 Bf7 26. Re5 Ng6 27. Re2 Re8
28. Rxe8+ Qxe8 29. Kh2 a5 30. Be4 Nf6 31. Bd3 Qe7 32. c4 Nf8 33. Bxa5 bxc4 34.
bxc4 Qa3 35. Bc3 Ne6 36. Qb3 Qd6 37. Qb2 Nh5 38. Qf2 Ng5 39. Qe3 Qa3 40. Qd2
Qa4 41. Qe2 Qa8 42. Bb4 Qb8 43. Be1 Ne6 44. Bf2 Qd6 45. Qe3 Nf6 46. Kh1 c5 47.
d5 Nd4 48. g4 Nd7 49. Bg3 Qf6 50. Qe4 g6 51. Kh2 Kg7 52. a4 Kg8 53. a5 Qa6 54.
Bc7 Qb7 55. Bb6 Nxb6 56. axb6 Qxb6 57. Qe5 {Time forfeit} 1-0

[Event "Rated Blitz game"]
[Site "?"]
[Date "2021.06.18"]
[Round "?"]
[White "GoughPhar"]
[Black "FollowinADistantStar"]
[Result "0-1"]
[ECO "C46"]
[WhiteElo "2404"]
[BlackElo "2301"]
[PlyCount "100"]
[EventDate "2021.??.??"]
[EventType "blitz"]
[TimeControl "180"]

1. e4 e5 2. Nf3 Nf6 3. Nc3 Nc6 4. Nxe5 Nxe5 5. d4 Ng6 6. e5 Ng8 7. Bc4 c6 8.
Qf3 d5 9. exd6 Be6 10. d5 Nh4 11. Qe4 Nf6 12. Qxh4 cxd5 13. Bb5+ Nd7 14. Qg3 d4
15. Ne4 Qa5+ 16. Bd2 Qxb5 17. a4 Qe5 18. Qxe5 Nxe5 19. O-O O-O-O 20. Bf4 Ng6
21. Bg3 Bd5 22. Rae1 Bxe4 23. Rxe4 Bxd6 24. Rfe1 Bxg3 25. hxg3 Rd7 26. b4 Rhd8
27. a5 Nf8 28. Rh4 h6 29. Rh5 Ne6 30. b5 Rd5 31. Ree5 Rxe5 32. Rxe5 Kc7 33. a6
bxa6 34. bxa6 Kb6 35. Rf5 Rd7 36. Kf1 Kxa6 37. Ke2 Kb6 38. Kd3 Rc7 39. g4 a6
40. g3 a5 41. f4 a4 42. g5 hxg5 43. fxg5 g6 44. Re5 a3 45. Re1 Kb5 46. Rb1+ Ka4
47. Rb8 Rc5 48. Rb1 a2 49. Ra1 Ka3 50. Ke4 Kb2 {Normal} 0-1

[Event "Rated Blitz game"]
[Site "?"]
[Date "2021.06.18"]
[Round "?"]
[White "Niemans"]
[Black "HannHagen"]
[Result "1-0"]
[ECO "C46"]
[WhiteElo "2385"]
[BlackElo "2416"]
[PlyCount "23"]
[EventDate "2021.??.??"]
[EventType "blitz"]
[TimeControl "180"]

1. e4 e5 2. Nf3 Nc6 3. Nc3 Nf6 4. Nxe5 Nxe5 5. d4 Nc6 6. e5 Ng8 7. Bc4 d5 8.
Bxd5 Bb4 9. Qf3 Qe7 10. Bxc6+ bxc6 11. Qxc6+ Qd7 12. Qxa8 {Normal} 1-0

[Event "Rated Blitz game"]
[Site "?"]
[Date "2021.06.17"]
[Round "?"]
[White "PuroNorteCarnale"]
[Black "farabilam"]
[Result "1-0"]
[ECO "C46"]
[WhiteElo "2250"]
[BlackElo "2404"]
[PlyCount "99"]
[EventDate "2021.??.??"]
[EventType "blitz"]
[TimeControl "180"]

1. e4 e5 2. Nf3 Nc6 3. Nc3 Nf6 4. Nxe5 Nxe5 5. d4 Nc6 6. d5 Bb4 7. dxc6 dxc6 8.
Qxd8+ Kxd8 9. Bg5 Bxc3+ 10. bxc3 h6 11. O-O-O+ Ke7 12. Bh4 Be6 13. e5 g5 14.
exf6+ Kxf6 15. Bg3 Rac8 16. Bd3 Rhe8 17. Rhe1 Kg7 18. f4 Bxa2 19. Rxe8 Rxe8 20.
fxg5 hxg5 21. Bxc7 Be6 22. Re1 Rc8 23. Be5+ f6 24. Bd4 Bd5 25. Re7+ Kf8 26. Bc5
Kg8 27. Rxb7 Bxg2 28. Rxa7 Re8 29. Bc4+ Bd5 30. Bxd5+ cxd5 31. Re7 Rxe7 32.
Bxe7 Kf7 33. Bc5 f5 34. Kd2 Ke6 35. Ke3 Ke5 36. Bd4+ Ke6 37. Kd3 f4 38. c4
dxc4+ 39. Kxc4 g4 40. Kb5 Kd5 41. Bg1 Ke4 42. c4 Kf3 43. c5 Kg2 44. Bd4 Kxh2
45. Be5 Kg3 46. c6 Kf3 47. c7 g3 48. c8=Q g2 49. Qc3+ Ke4 50. Qd4+ {Time
forfeit} 1-0

[Event "Rated Blitz game"]
[Site "?"]
[Date "2021.06.17"]
[Round "?"]
[White "Pepeoutai"]
[Black "Quimate"]
[Result "0-1"]
[ECO "C46"]
[WhiteElo "2431"]
[BlackElo "2298"]
[PlyCount "26"]
[EventDate "2021.??.??"]
[EventType "blitz"]
[TimeControl "180+2"]

1. e4 e5 2. Nf3 Nc6 3. Nc3 Nf6 4. Nxe5 Nxe5 5. d4 Nc6 6. d5 Ne5 7. f4 Ng6 8. e5
Ng8 9. d6 cxd6 10. exd6 Qf6 11. Nb5 Kd8 12. Be3 Nxf4 13. Qd3 Nxd3+ {Normal} 0-1

[Event "Rated Blitz tournament bk0shL2C"]
[Site "?"]
[Date "2021.06.17"]
[Round "?"]
[White "LelegVinna"]
[Black "Torjaeger10"]
[Result "1-0"]
[ECO "C46"]
[WhiteElo "2502"]
[BlackElo "2399"]
[PlyCount "42"]
[EventDate "2021.??.??"]
[EventType "blitz"]
[TimeControl "300"]

1. e4 e5 2. Nf3 Nc6 3. Nc3 Nf6 4. Nxe5 Nxe5 5. d4 Ng6 6. e5 Ng8 7. Bc4 d6 8.
Qf3 Qd7 9. O-O c6 10. Re1 d5 11. Nxd5 cxd5 12. Bxd5 N8e7 13. Qxf7+ Kd8 14. Bb3
Qf5 15. Qc4 Nc6 16. c3 Nh4 17. d5 Nf3+ 18. gxf3 Nxe5 19. Rxe5 Qxe5 20. Bf4 Qe7
21. d6 Qc7 {Normal} 1-0

[Event "Rated Blitz game"]
[Site "?"]
[Date "2021.06.17"]
[Round "?"]
[White "khalid_ontawar"]
[Black "SouthAfricanOstrich"]
[Result "1-0"]
[ECO "C46"]
[WhiteElo "2446"]
[BlackElo "2375"]
[PlyCount "73"]
[EventDate "2021.??.??"]
[EventType "blitz"]
[TimeControl "180"]

1. e4 e5 2. Nf3 Nc6 3. Nc3 Nf6 4. Nxe5 Nxe5 5. d4 Ng6 6. e5 Ng8 7. Bc4 c6 8.
Qf3 Qe7 9. O-O a5 10. Bg5 f6 11. exf6 Nxf6 12. Rfe1 d5 13. Bxf6 gxf6 14. Rxe7+
Bxe7 15. Bd3 Kf7 16. Re1 Bd7 17. Ne2 Rae8 18. Nf4 Bd6 19. Rxe8 Rxe8 20. Bxg6+
hxg6 21. Nd3 Bf5 22. Kf1 Re4 23. h3 Rxd4 24. Qe3 Re4 25. Qh6 Re7 26. g4 Be4 27.
f4 c5 28. g5 fxg5 29. Ne5+ Bxe5 30. fxe5 Rxe5 31. Qh7+ Kf6 32. Qxb7 Rf5+ 33.
Kg1 Rf3 34. Qb6+ Kf5 35. Qxc5 Rg3+ 36. Kf1 Rxh3 37. Qc8+ {Normal} 1-0

[Event "Rated Blitz game"]
[Site "?"]
[Date "2021.06.17"]
[Round "?"]
[White "weeza"]
[Black "leonteo"]
[Result "0-1"]
[ECO "C46"]
[WhiteElo "2325"]
[BlackElo "2420"]
[PlyCount "110"]
[EventDate "2021.??.??"]
[EventType "blitz"]
[TimeControl "180"]

1. e4 e5 2. Nf3 Nc6 3. Nc3 Nf6 4. Nxe5 Nxe5 5. d4 Nc6 6. d5 Bb4 7. dxc6 bxc6 8.
Bd3 d5 9. exd5 cxd5 10. O-O O-O 11. Ne2 Bd6 12. Bf4 c5 13. b3 Be6 14. Bxd6 Qxd6
15. Ng3 Qf4 16. Nh5 Nxh5 17. Qxh5 g6 18. Qd1 c4 19. Be2 a5 20. Bf3 Rfd8 21. g3
Qf6 22. bxc4 dxc4 23. Bxa8 Rxd1 24. Raxd1 Qb2 25. Rd8+ Kg7 26. a4 Qxc2 27. Bc6
Qb2 28. Rdd1 c3 29. Rb1 Qd2 30. Rbd1 Qe2 31. Rfe1 Qc4 32. Bb5 Qb4 33. Rb1 Qc5
34. Rbc1 h5 35. h4 c2 36. Re2 Bf5 37. Kh2 Qc3 38. Kg2 Qb2 39. Ree1 Be6 40. f3
Bb3 41. Kf2 Qd4+ 42. Kg2 Qd2+ 43. Kg1 f6 44. Re7+ Kh6 45. Ree1 g5 46. hxg5+
fxg5 47. Ra1 h4 48. g4 h3 49. Bf1 Bxa4 50. Re2 Qd4+ 51. Kh2 Qxa1 52. Rf2 c1=Q
53. Bg2 Qf4+ 54. Kxh3 Qe1 55. Re2 Qeg3# {Normal} 0-1

[Event "Rated Blitz game"]
[Site "?"]
[Date "2021.06.17"]
[Round "?"]
[White "Horween"]
[Black "EpicureColumns"]
[Result "0-1"]
[ECO "C46"]
[WhiteElo "2331"]
[BlackElo "2413"]
[PlyCount "56"]
[EventDate "2021.??.??"]
[EventType "blitz"]
[TimeControl "180"]

1. e4 e5 2. Nf3 Nc6 3. Nc3 Nf6 4. Nxe5 Nxe5 5. d4 Ng6 6. e5 Ng8 7. Bc4 d5 8.
Bxd5 Bb4 9. Qf3 Be6 10. Bxb7 Rb8 11. Bc6+ Kf8 12. Be3 N8e7 13. Be4 Bd5 14. O-O
Bxc3 15. bxc3 Rb2 16. a4 Rxc2 17. Ra3 Qa8 18. Bxd5 Qxd5 19. Qh3 h6 20. Rb1 Kg8
21. a5 Qe4 22. Rf1 Nd5 23. c4 Rxc4 24. f3 Qc2 25. e6 f6 26. Bf2 Ngf4 27. Qg4 f5
28. Qh4 g5 {Normal} 0-1

[Event "Rated Blitz tournament bk0shL2C"]
[Site "?"]
[Date "2021.06.17"]
[Round "?"]
[White "LelegVinna"]
[Black "Torjaeger10"]
[Result "0-1"]
[ECO "C46"]
[WhiteElo "2520"]
[BlackElo "2386"]
[PlyCount "106"]
[EventDate "2021.??.??"]
[EventType "blitz"]
[TimeControl "300"]

1. e4 e5 2. Nf3 Nc6 3. Nc3 Nf6 4. Nxe5 Nxe5 5. d4 Ng6 6. e5 Ng8 7. Bc4 d6 8.
Qf3 Qd7 9. h4 dxe5 10. h5 Nf4 11. Bxf4 exf4 12. O-O-O Nf6 13. Rhe1+ Be7 14. h6
gxh6 15. Qxf4 O-O 16. Qxh6 Ng4 17. Qh5 Bd6 18. Qg5+ Kh8 19. f3 Rg8 20. Qh4 Bf4+
21. Kb1 Bg5 22. Qh5 Nf6 23. Qh2 Qd6 24. g3 Be6 25. Bxe6 fxe6 26. f4 Ng4 27. Qg2
Bf6 28. Ne4 Qd5 29. Rh1 Rad8 30. Qe2 Rd7 31. c3 Qf5 32. Ka1 b6 33. a3 Rgd8 34.
Rh3 c5 35. Rdh1 cxd4 36. cxd4 Bxd4 37. Rh5 Qf8 38. Qc2 Ne3 39. Qb3 a5 40. Ng5
Re8 41. Rxh7+ Rxh7 42. Rxh7+ Kg8 43. Rh1 a4 44. Qa2 Rc8 45. Nxe6 Qf7 46. Ng5
Bxb2+ 47. Qxb2 Qg7 48. Qxg7+ Kxg7 49. Ne6+ Kf6 50. Nd4 Ke7 51. Nb5 Ke6 52. Re1
Kd5 53. Rxe3 Kc4 {Time forfeit} 0-1

[Event "Rated Blitz game"]
[Site "?"]
[Date "2021.06.17"]
[Round "?"]
[White "Salimskyi"]
[Black "Player711"]
[Result "1/2-1/2"]
[ECO "C46"]
[WhiteElo "2487"]
[BlackElo "2470"]
[PlyCount "172"]
[EventDate "2021.??.??"]
[EventType "blitz"]
[TimeControl "180"]

1. e4 e5 2. Nf3 Nc6 3. Nc3 Nf6 4. Nxe5 Nxe5 5. d4 Ng6 6. e5 Ng8 7. Bc4 d5 8.
Bxd5 Bb4 9. Qf3 Bxc3+ 10. bxc3 Qd7 11. O-O c6 12. Bc4 Qf5 13. Qxf5 Bxf5 14. Bd3
N8e7 15. Rb1 O-O-O 16. Ba3 Be6 17. g3 Nd5 18. Bb2 c5 19. c4 Nb4 20. d5 Nxd3 21.
cxd3 Bf5 22. Rbd1 h5 23. f3 b6 24. Rfe1 Rhe8 25. Kf2 Re7 26. f4 Rde8 27. Re4
Bxe4 28. dxe4 f6 29. e6 Nf8 30. f5 Kc7 31. d6+ Kc6 32. dxe7 Rxe7 33. h3 Nxe6
34. fxe6 Rxe6 35. Kf3 a6 36. a4 b5 37. axb5+ axb5 38. cxb5+ Kxb5 39. Rd7 g5 40.
Rh7 g4+ 41. hxg4 hxg4+ 42. Kf4 Kc4 43. Rf7 Kd3 44. Rd7+ Kc2 45. Ba3 c4 46. Rc7
Kd3 47. Rd7+ Ke2 48. Bb4 Rb6 49. Bc3 Rb3 50. Bxf6 Rf3+ 51. Kg5 Rxg3 52. e5 Re3
53. Kxg4 c3 54. Rc7 Kd1 55. Kf4 Re1 56. Rxc3 Rf1+ 57. Ke4 Kd2 58. Rc8 Re1+ 59.
Kf5 Rf1+ 60. Ke6 Kd3 61. Rd8+ Ke4 62. Rd6 Ra1 63. Ke7 Ra8 64. e6 Ra7+ 65. Rd7
Ra6 66. Kf7 Kf5 67. e7 Rxf6+ 68. Ke8 Re6 69. Kd8 Kf6 70. e8=Q Rxe8+ 71. Kxe8
Ke6 72. Rf7 Ke5 73. Re7+ Kd6 74. Kf7 Kd5 75. Kf6 Kc5 76. Re6 Kc4 77. Re5 Kb4
78. Kf5 Kb3 79. Kf4 Kc3 80. Re4 Kc2 81. Ke3 Kb3 82. Rd4 Kb2 83. Rd3 Kc2 84. Ke2
Kb2 85. Kd2 Kb1 86. Rc3 Kb2 {Time forfeit} 1/2-1/2

[Event "Rated Blitz game"]
[Site "?"]
[Date "2021.06.17"]
[Round "?"]
[White "Pepeoutai"]
[Black "michel_georg"]
[Result "1-0"]
[ECO "C46"]
[WhiteElo "2427"]
[BlackElo "2375"]
[PlyCount "41"]
[EventDate "2021.??.??"]
[EventType "blitz"]
[TimeControl "180+2"]

1. e4 e5 2. Nf3 Nc6 3. Nc3 Nf6 4. Nxe5 Nxe5 5. d4 Bb4 6. dxe5 Nxe4 7. Qd4 Nxc3
8. bxc3 Be7 9. Bd3 d5 10. O-O O-O 11. Rb1 c5 12. Qf4 b6 13. Rd1 Be6 14. c4 g6
15. Be4 dxe4 16. Rxd8 Raxd8 17. Bb2 Bxc4 18. e6 f5 19. Qc7 Bxa2 20. Qxe7 Bxb1
21. Qg7# {Normal} 1-0

[Event "Rated Blitz game"]
[Site "?"]
[Date "2021.06.17"]
[Round "?"]
[White "Rakuen"]
[Black "Mr-Tanaka"]
[Result "0-1"]
[ECO "C46"]
[WhiteElo "2298"]
[BlackElo "2475"]
[PlyCount "66"]
[EventDate "2021.??.??"]
[EventType "blitz"]
[TimeControl "180"]

1. e4 e5 2. Nc3 Nf6 3. Nf3 Nc6 4. Nxe5 Nxe5 5. d4 Nc6 6. e5 Ng8 7. Bc4 d5 8.
Bxd5 Bb4 9. Qf3 Be6 10. Bxc6+ bxc6 11. Qxc6+ Kf8 12. Be3 Ne7 13. Qf3 Bxc3+ 14.
bxc3 Bc4 15. Bg5 Rb8 16. Kd2 Qd5 17. Qh3 h6 18. Be3 Kg8 19. g4 Qa5 20. Qf3 Nd5
21. Bf4 Kh7 22. g5 Rb2 23. Qe4+ g6 24. Qf3 h5 25. Rhg1 Rd8 26. Rg3 Nb4 27. Rc1
Nxa2 28. Rgg1 Rxd4+ 29. Ke1 Nxc3 30. Bd2 Rxd2 31. Kxd2 Ne4+ 32. Ke3 Qd2+ 33.
Kxe4 Bd5# {Normal} 0-1

[Event "Rated Blitz game"]
[Site "?"]
[Date "2021.06.16"]
[Round "?"]
[White "lanya_banana"]
[Black "Prosvirnov_Sergei"]
[Result "0-1"]
[ECO "C46"]
[WhiteElo "2502"]
[BlackElo "2383"]
[PlyCount "72"]
[EventDate "2021.??.??"]
[EventType "blitz"]
[TimeControl "180"]

1. e4 e5 2. Nf3 Nc6 3. Nc3 Nf6 4. Nxe5 Nxe5 5. d4 Nc6 6. d5 Ne5 7. f4 Ng6 8. e5
Ng8 9. d6 c6 10. Bc4 b5 11. Nxb5 cxb5 12. Bxf7+ Kxf7 13. Qd5+ Ke8 14. Qxa8 Nh6
15. Bd2 Nf5 16. O-O-O Nd4 17. Be3 Nc6 18. e6 Nh4 19. Bc5 Nf5 20. Rhe1 Bxd6 21.
exd7+ Kxd7 22. Bxd6 Nxd6 23. Rxd6+ Kxd6 24. Rd1+ Kc7 25. Rxd8 Rxd8 26. c4 Bb7
27. Qxd8+ Nxd8 28. cxb5 Bxg2 29. Kd2 Ne6 30. Ke3 Kb6 31. a4 g6 32. h4 Ng7 33.
Kd4 Nf5+ 34. Kc4 Nxh4 35. b4 Bf1+ 36. Kd5 Bxb5 {Normal} 0-1

[Event "Rated Blitz game"]
[Site "?"]
[Date "2021.06.16"]
[Round "?"]
[White "forbiddencheapos"]
[Black "Elixir1"]
[Result "0-1"]
[ECO "C46"]
[WhiteElo "2413"]
[BlackElo "2289"]
[PlyCount "40"]
[EventDate "2021.??.??"]
[EventType "blitz"]
[TimeControl "180+2"]

1. e4 e5 2. Nf3 Nc6 3. Nc3 Nf6 4. Nxe5 Nxe5 5. d4 Nc6 6. d5 Nb8 7. e5 Bb4 8.
exf6 Qxf6 9. Bd2 O-O 10. Be2 d6 11. O-O Bf5 12. Bf3 Nd7 13. Ne4 Bxe4 14. Bxe4
Bxd2 15. Qxd2 Nc5 16. Bf3 Qxb2 17. a4 a5 18. Rfb1 Qf6 19. Ra3 Rfe8 20. h3 Re5 {
Time forfeit} 0-1

[Event "Rated Blitz game"]
[Site "?"]
[Date "2021.06.16"]
[Round "?"]
[White "Tal99"]
[Black "Sinscher"]
[Result "1/2-1/2"]
[ECO "C46"]
[WhiteElo "2505"]
[BlackElo "2506"]
[PlyCount "106"]
[EventDate "2021.??.??"]
[EventType "blitz"]
[TimeControl "180+2"]

1. e4 e5 2. Nf3 Nc6 3. Nc3 Nf6 4. Nxe5 Nxe5 5. d4 Nc6 6. d5 Bb4 7. dxc6 bxc6 8.
Bd3 d5 9. exd5 O-O 10. O-O cxd5 11. Bg5 c6 12. h3 h6 13. Bh4 Bd6 14. Qf3 Rb8
15. Rab1 Rb4 16. Bxf6 Qxf6 17. Qxf6 gxf6 18. Ne2 c5 19. c3 Rb8 20. Ng3 Be6 21.
Nh5 f5 22. Ng3 f4 23. Nf5 Bxf5 24. Bxf5 d4 25. Rfd1 Be5 26. cxd4 Bxd4 27. b4
Rfd8 28. bxc5 Rxb1 29. Rxb1 Bxc5 30. Rb2 Kg7 31. Kf1 Kf6 32. Bh7 Rd4 33. Ke2
Ke5 34. Bc2 f6 35. Bb3 Kd6 36. Kf3 a5 37. Re2 a4 38. Bg8 Kc7 39. Re6 Rd6 40.
Re4 Rd4 41. Rxd4 Bxd4 42. Kxf4 Bxf2 43. Kf5 h5 44. Kxf6 a3 45. h4 Bxh4+ 46. Kg6
Kd6 47. Kxh5 Bg3 48. Kg4 Be1 49. Kf5 Ke7 50. Kg6 Kf8 51. Bb3 Bc3 52. g4 Bg7 53.
g5 Bb2 {Normal} 1/2-1/2

[Event "Rated Blitz game"]
[Site "?"]
[Date "2021.06.16"]
[Round "?"]
[White "forbiddencheapos"]
[Black "schwarzerSchimmel"]
[Result "1-0"]
[ECO "C46"]
[WhiteElo "2410"]
[BlackElo "2380"]
[PlyCount "31"]
[EventDate "2021.??.??"]
[EventType "blitz"]
[TimeControl "180+2"]

1. e4 e5 2. Nf3 Nc6 3. Nc3 Nf6 4. Nxe5 Nxe5 5. d4 Nc6 6. d5 Ne7 7. e5 Nfg8 8.
d6 Ng6 9. Nb5 cxd6 10. exd6 Bxd6 11. Qxd6 Qe7+ 12. Be3 Qxd6 13. Nxd6+ Ke7 14.
Bc5 Kf6 15. Bc4 N8e7 16. Bd4+ {Normal} 1-0

[Event "Rated Blitz game"]
[Site "?"]
[Date "2021.06.16"]
[Round "?"]
[White "forbiddencheapos"]
[Black "Patzeroob"]
[Result "0-1"]
[ECO "C46"]
[WhiteElo "2412"]
[BlackElo "2368"]
[PlyCount "68"]
[EventDate "2021.??.??"]
[EventType "blitz"]
[TimeControl "180+2"]

1. e4 e5 2. Nf3 Nc6 3. Nc3 Nf6 4. Nxe5 Nxe5 5. d4 Ng6 6. e5 Ng8 7. Bc4 Bb4 8.
Qf3 Qe7 9. O-O Bxc3 10. bxc3 Nh6 11. a4 O-O 12. Ba3 d6 13. Rfe1 Qd8 14. exd6
cxd6 15. Qd5 Be6 16. Rxe6 fxe6 17. Qxe6+ Kh8 18. g3 Qg5 19. Qxd6 Ng4 20. Rf1
Qh5 21. h4 Rf3 22. Be2 Rxc3 23. Bb4 Rxc2 24. Qe6 Rxe2 25. Qxe2 Qf5 26. Re1 h6
27. f3 Nf6 28. Kg2 Qd5 29. Bc3 Rc8 30. Bb2 Qb3 31. Rc1 Rxc1 32. Bxc1 Qxa4 33.
h5 Nxh5 34. Qe8+ Qxe8 {Normal} 0-1

[Event "Rated Blitz game"]
[Site "?"]
[Date "2021.06.16"]
[Round "?"]
[White "forbiddencheapos"]
[Black "Charlie_Manjerico"]
[Result "0-1"]
[ECO "C46"]
[WhiteElo "2400"]
[BlackElo "2517"]
[PlyCount "62"]
[EventDate "2021.??.??"]
[EventType "blitz"]
[TimeControl "180+2"]

1. e4 Nf6 2. Nc3 e5 3. Nf3 Nc6 4. Nxe5 Nxe5 5. d4 Ng6 6. e5 Ng8 7. Bc4 d5 8.
Bxd5 c6 9. Bb3 Be6 10. O-O Bxb3 11. axb3 N8e7 12. f4 Nf5 13. Ne2 h5 14. c3 h4
15. b4 Qd5 16. Qd3 h3 17. gxh3 Ngh4 18. Rf2 Rh6 19. Ng3 Rg6 20. Kf1 Qe6 21. Ne4
Be7 22. Bd2 a6 23. c4 Rd8 24. Bc3 Nxd4 25. Bxd4 Nf5 26. Nd6+ Bxd6 27. exd6 Rxd6
28. Re1 Rg1+ 29. Kxg1 Qxe1+ 30. Kg2 Rg6+ 31. Kf3 Nh4# {Normal} 0-1

[Event "Rated Blitz game"]
[Site "?"]
[Date "2021.06.16"]
[Round "?"]
[White "forbiddencheapos"]
[Black "j1raTh0t"]
[Result "0-1"]
[ECO "C46"]
[WhiteElo "2405"]
[BlackElo "2474"]
[PlyCount "70"]
[EventDate "2021.??.??"]
[EventType "blitz"]
[TimeControl "180+2"]

1. e4 e5 2. Nf3 Nc6 3. Nc3 Nf6 4. Nxe5 Nxe5 5. d4 Ng6 6. e5 Ng8 7. Bc4 d5 8.
Bxd5 c6 9. Bb3 Be6 10. O-O Qd7 11. f4 O-O-O 12. Be3 N8e7 13. Ne2 Nd5 14. Bd2
Nb6 15. c3 c5 16. Be3 Nc4 17. Bc1 Ne7 18. Qd3 Nb6 19. Qf3 Bg4 20. Qe4 Bxe2 21.
Qxe2 cxd4 22. e6 Qc7 23. exf7 Kb8 24. f5 Ka8 25. Bf4 Qc5 26. cxd4 Qxd4+ 27. Kh1
Nc6 28. Rad1 Qf6 29. Bc7 Rc8 30. Bxb6 axb6 31. Be6 Rd8 32. Rxd8+ Nxd8 33. Qb5
Bc5 34. Qd7 Rf8 35. Rd1 Nxf7 {Time forfeit} 0-1